BSA
JERSEY SHORE D-BAGS @ POCATELLO BOCCABELLAS
06/13/2026
 
TOP OF THE 1ST
Jersey Shore D-Bags batting - Pitching for Pocatello Boccabellas : RHP Kevin Bush
Pitching: RHP Kevin Bush
Batting: RHB Cy Keynes 0-0: Called Strike
0-1: Ball
1-1: Ball
2-1: Ball
3-1: Base on Balls
Batting: RHB Millard Boyd 0-0: Called Strike
0-1: Ball
1-1: Called Strike
1-2: Strikes out swinging
Batting: LHB Dave Dodd 0-0: Called Strike
0-1: Ball
1-1: Ball
2-1: Foul Ball, location: 2F
2-2: Strikes out swinging
Batting: RHB Matt Doyle 0-0: Fly out, F4 (Popup, 4)
Top of the 1st over - 0 run(s), 0 hit(s), 0 error(s), 1 left on base; Jersey Shore 0 - Pocatello 0
BOTTOM OF THE 1ST
Pocatello Boccabellas batting - Pitching for Jersey Shore D-Bags : RHP José Ramos
Pitching: RHP José Ramos
Batting: RHB José García 0-0: Foul Ball, location: 2F
0-1: Ball
1-1: SINGLE (Line Drive, 4M)
Batting: LHB Norberto Muńóz 0-0: Ball
1-0: Ball
2-0: Ball
3-0: Called Strike
3-1: Base on Balls
José García to second
Batting: RHB Marlon Phipps 0-0: Foul Ball, location: 2F
0-1: Called Strike
0-2: Foul Ball, location: 2F
0-2: Ball
1-2: Ball
2-2: Ball
3-2: Strikes out swinging
Batting: SHB Glenn Vadnais 0-0: Ball
1-0: Grounds into double play, 4-6-3 (Groundball, 4)
Bottom of the 1st over - 0 run(s), 1 hit(s), 0 error(s), 1 left on base; Jersey Shore 0 - Pocatello 0
TOP OF THE 2ND
Jersey Shore D-Bags batting - Pitching for Pocatello Boccabellas : RHP Kevin Bush
Batting: LHB Robert Phillips 0-0: Ball
1-0: Foul Ball, location: 2F
1-1: Foul Ball, location: 2F
1-2: Ball
2-2: Ground out 4-3 (Groundball, 34)
Batting: RHB Miguel Serna 0-0: Ball
1-0: Called Strike
1-1: Ground out 1-3 (Groundball, 15S)
Batting: LHB Dave Watt 0-0: Swinging Strike
0-1: Foul Ball, location: 2F
0-2: Strikes out swinging
Top of the 2nd over - 0 run(s), 0 hit(s), 0 error(s), 0 left on base; Jersey Shore 0 - Pocatello 0
BOTTOM OF THE 2ND
Pocatello Boccabellas batting - Pitching for Jersey Shore D-Bags : RHP José Ramos
Batting: RHB Pedro Guzmán 0-0: Ground out U3 (Groundball, 3)
Batting: LHB Jim Jensen 0-0: Ball
1-0: Ball
2-0: Fly out, F4 (Line Drive, 4)
Batting: RHB José Delgado 0-0: Ground out 6-3 (Groundball, 6M)
Bottom of the 2nd over - 0 run(s), 0 hit(s), 0 error(s), 0 left on base; Jersey Shore 0 - Pocatello 0
TOP OF THE 3RD
Jersey Shore D-Bags batting - Pitching for Pocatello Boccabellas : RHP Kevin Bush
Batting: RHB Owen Carter 0-0: Ground out 6-3 (Groundball, 56)
Batting: RHB John Moore 0-0: Ball
1-0: Swinging Strike
1-1: Called Strike
1-2: Ball
2-2: Strikes out swinging
Batting: RHB Cy Keynes 0-0: Ball
1-0: Ball
2-0: Foul Ball, location: 2F
2-1: Ball
3-1: Foul Ball, location: 2F
3-2: SINGLE (Line Drive, 3)
Batting: RHB Millard Boyd 0-0: Foul Ball, location: 2F
0-1: Swinging Strike
0-2: Ground out 5-3 (Groundball, 15S)
Top of the 3rd over - 0 run(s), 1 hit(s), 0 error(s), 1 left on base; Jersey Shore 0 - Pocatello 0
BOTTOM OF THE 3RD
Pocatello Boccabellas batting - Pitching for Jersey Shore D-Bags : RHP José Ramos
Batting: RHB Fabrice Brodeur 0-0: Called Strike
0-1: Ball
1-1: Ground out 5-3 (Groundball, 5L)
Batting: SHB Guillermo Ortíz 0-0: Ball
1-0: Called Strike
1-1: Ball
2-1: Ground out 6-3 (Groundball, 6)
Batting: RHB José García 0-0: Ball
1-0: Foul Ball, location: 2F
1-1: Swinging Strike
1-2: Ball
2-2: Ball
3-2: Fly out, F3 (Popup, 3L)
Bottom of the 3rd over - 0 run(s), 0 hit(s), 0 error(s), 0 left on base; Jersey Shore 0 - Pocatello 0
TOP OF THE 4TH
Jersey Shore D-Bags batting - Pitching for Pocatello Boccabellas : RHP Kevin Bush
Batting: LHB Dave Dodd 0-0: Fly out, F5 (Popup, 5SF)
Batting: RHB Matt Doyle 0-0: Foul Ball, location: 2F
0-1: Ball
1-1: Called Strike
1-2: Ground out 1-3 (Groundball, 23)
Batting: LHB Robert Phillips 0-0: Ball
1-0: Called Strike
1-1: Called Strike
1-2: Ground out 3-1 (Groundball, 34)
Top of the 4th over - 0 run(s), 0 hit(s), 0 error(s), 0 left on base; Jersey Shore 0 - Pocatello 0
BOTTOM OF THE 4TH
Pocatello Boccabellas batting - Pitching for Jersey Shore D-Bags : RHP José Ramos
Batting: LHB Norberto Muńóz 0-0: Called Strike
0-1: Ball
1-1: Foul Ball, location: 2F
1-2: Ground out 2-3 (Groundball, 23)
Batting: RHB Marlon Phipps 0-0: Ball
1-0: Ball
2-0: Called Strike
2-1: DOUBLE (Groundball, 5L)
Batting: SHB Glenn Vadnais 0-0: Called Strike
0-1: Foul Ball, location: 2F
0-2: Ball
1-2: Fly out, F9 (Flyball, 9LM)
Batting: RHB Pedro Guzmán 0-0: Called Strike
0-1: Ground out 6-3 (Groundball, 6)
Bottom of the 4th over - 0 run(s), 1 hit(s), 0 error(s), 1 left on base; Jersey Shore 0 - Pocatello 0
TOP OF THE 5TH
Jersey Shore D-Bags batting - Pitching for Pocatello Boccabellas : RHP Kevin Bush
Batting: RHB Miguel Serna 0-0: DOUBLE (Line Drive, 9LM)
Batting: LHB Dave Watt 0-0: Intentional Walk
Batting: RHB Owen Carter 0-0: Called Strike
0-1: Ball
1-1: Ball
2-1: Ground out 4-3 (Groundball, 4M)
Miguel Serna to third
Dave Watt to second
Batting: RHB John Moore 0-0: Foul Ball, location: 2F
0-1: Called Strike
0-2: Ball
1-2: Strikes out swinging
Batting: RHB Cy Keynes 0-0: Called Strike
0-1: Ball
1-1: Called Strike
1-2: Foul Ball, location: 2F
1-2: Ball
2-2: Ball
3-2: Strikes out swinging
Top of the 5th over - 0 run(s), 1 hit(s), 0 error(s), 2 left on base; Jersey Shore 0 - Pocatello 0
BOTTOM OF THE 5TH
Pocatello Boccabellas batting - Pitching for Jersey Shore D-Bags : RHP José Ramos
Batting: LHB Jim Jensen 0-0: Ball
1-0: Ball
2-0: Called Strike
2-1: Ball
3-1: Ground out 4-3 (Groundball, 4)
Batting: RHB José Delgado 0-0: Ball
1-0: Ball
2-0: Called Strike
2-1: Ball
3-1: Swinging Strike
3-2: Foul Ball, location: 2F
3-2: Foul Ball, location: 2F
3-2: Fly out, F7 (Flyball, 7D)
Batting: RHB Fabrice Brodeur 0-0: DOUBLE (Flyball, 8RXD)
Batting: SHB Guillermo Ortíz 0-0: Ball
1-0: Ball
2-0: Called Strike
2-1: Foul Ball, location: 2F
2-2: Strikes out swinging
Bottom of the 5th over - 0 run(s), 1 hit(s), 0 error(s), 1 left on base; Jersey Shore 0 - Pocatello 0
TOP OF THE 6TH
Jersey Shore D-Bags batting - Pitching for Pocatello Boccabellas : RHP Kevin Bush
Batting: RHB Millard Boyd 0-0: Ball
1-0: Foul Ball, location: 2F
1-1: Ball
2-1: DOUBLE (Line Drive, 78XD)
Batting: LHB Dave Dodd 0-0: Intentional Walk
Batting: RHB Matt Doyle 0-0: Called Strike
0-1: Foul Ball, location: 2F
0-2: Strikes out swinging
Batting: LHB Robert Phillips 0-0: Fly out, F8 (Flyball, 8RD)
Runner from 2nd tags up, SAFE at 3rd, no throw
Batting: RHB Miguel Serna 0-0: Swinging Strike
0-1: Foul Ball, location: 2F
0-2: Ball
1-2: Ball
2-2: Fly out, F4 (Line Drive, 4)
Top of the 6th over - 0 run(s), 1 hit(s), 0 error(s), 2 left on base; Jersey Shore 0 - Pocatello 0
BOTTOM OF THE 6TH
Pocatello Boccabellas batting - Pitching for Jersey Shore D-Bags : RHP José Ramos
Batting: RHB José García 0-0: Ground out 6-3 (Groundball, 6M)
Batting: LHB Norberto Muńóz 0-0: Called Strike
0-1: Ball
1-1: Ball
2-1: Ball
3-1: Called Strike
3-2: Fly out, F8 (Flyball, 78S)
Batting: RHB Marlon Phipps 0-0: SINGLE (Groundball, 6MD)
Batting: SHB Glenn Vadnais 0-0: Called Strike
0-1: Ball
1-1: Ball
2-1: Ground out 4-3 (Groundball, 4)
Bottom of the 6th over - 0 run(s), 1 hit(s), 0 error(s), 1 left on base; Jersey Shore 0 - Pocatello 0
TOP OF THE 7TH
Jersey Shore D-Bags batting - Pitching for Pocatello Boccabellas : RHP Kevin Bush
Batting: LHB Dave Watt 0-0: Foul Ball, location: 2F
0-1: Foul Ball, location: 2F
0-2: Ball
1-2: Ball
2-2: Ball
3-2: Foul Ball, location: 2F
3-2: Foul Ball, location: 2F
3-2: Foul Ball, location: 2F
3-2: Ground out 6-3 (Groundball, 6)
Batting: RHB Owen Carter 0-0: Fly out, F8 (Flyball, 8LM)
Pinch Hitting: RHB Wilson Martínez 0-0: Ball
1-0: Ground out 5-3 (Groundball, 5S)
Top of the 7th over - 0 run(s), 0 hit(s), 0 error(s), 0 left on base; Jersey Shore 0 - Pocatello 0
BOTTOM OF THE 7TH
Pocatello Boccabellas batting - Pitching for Jersey Shore D-Bags : RHP José Ramos
Now at 2B: Damon Mitchell
Batting: RHB Pedro Guzmán 0-0: Ball
1-0: Foul Ball, location: 2F
1-1: Ball
2-1: Called Strike
2-2: Strikes out swinging
Batting: LHB Jim Jensen 0-0: Called Strike
0-1: Ball
1-1: Foul Ball, location: 2F
1-2: Fly out, F9 (Flyball, 9M)
Batting: RHB José Delgado 0-0: Ball
1-0: Swinging Strike
1-1: Foul Ball, location: 2F
1-2: Ball
2-2: Foul Ball, location: 2F
2-2: Ground out 4-3 (Groundball, 4MS)
Bottom of the 7th over - 0 run(s), 0 hit(s), 0 error(s), 0 left on base; Jersey Shore 0 - Pocatello 0
TOP OF THE 8TH
Jersey Shore D-Bags batting - Pitching for Pocatello Boccabellas : RHP Kevin Bush
Pinch Hitting: LHB Pat Zimmerman 0-0: Foul Ball, location: 2F
0-1: Ball
1-1: Fly out, F9 (Flyball, 89D)
Batting: RHB Millard Boyd 0-0: Ball
1-0: Ball
2-0: Ball
3-0: Called Strike
3-1: Foul Ball, location: 2F
3-2: Base on Balls
Batting: LHB Dave Dodd 0-0: Foul Ball, location: 2F
0-1: Ball
1-1: Ball
2-1: SINGLE (Line Drive, 56)
Millard Boyd to second
Batting: RHB Matt Doyle 0-0: Fielders Choice at 3rd, U5 (Groundball, 5L)
Dave Dodd to second
Batting: LHB Robert Phillips 0-0: Ground out 4-3 (Groundball, 4)
Top of the 8th over - 0 run(s), 1 hit(s), 0 error(s), 2 left on base; Jersey Shore 0 - Pocatello 0
BOTTOM OF THE 8TH
Pocatello Boccabellas batting - Pitching for Jersey Shore D-Bags : RHP José Ramos
Now in RF: Pat Zimmerman
Batting: RHB Fabrice Brodeur 0-0: Ball
1-0: Ball
2-0: SINGLE (Line Drive, 56)
Batting: SHB Guillermo Ortíz 0-0: Bunted foul
0-1: Sac Bunt - play at first, batter OUT! 1-4
Fabrice Brodeur to second
Batting: RHB José García 0-0: Ball
1-0: Swinging Strike
1-1: Fly out, F7 (Flyball, 7S)
Batting: LHB Norberto Muńóz 0-0: Called Strike
0-1: Ground out 1-3 (Groundball, 25)
Bottom of the 8th over - 0 run(s), 1 hit(s), 0 error(s), 1 left on base; Jersey Shore 0 - Pocatello 0
TOP OF THE 9TH
Jersey Shore D-Bags batting - Pitching for Pocatello Boccabellas : RHP Kevin Bush
Pitching: RHP Adrián Martínez
Batting: RHB Miguel Serna 0-0: Called Strike
0-1: Fly out, F8 (Line Drive, 8RM)
Batting: LHB Dave Watt 0-0: Ball
1-0: Swinging Strike
1-1: Ball
2-1: Ball
3-1: Ground out 4-3 (Groundball, 34)
Batting: RHB Owen Carter 0-0: Called Strike
0-1: Ground out 3-1 (Groundball, 34S)
Top of the 9th over - 0 run(s), 0 hit(s), 0 error(s), 0 left on base; Jersey Shore 0 - Pocatello 0
BOTTOM OF THE 9TH
Pocatello Boccabellas batting - Pitching for Jersey Shore D-Bags : RHP José Ramos
Batting: RHB Marlon Phipps 0-0: Fly out, F9 (Flyball, 89M)
Batting: SHB Glenn Vadnais 0-0: Ball
1-0: Ball
2-0: Foul Ball, location: 2F
2-1: Ball
3-1: Foul Ball, location: 2F
3-2: Foul Ball, location: 2F
3-2: DOUBLE (Line Drive, 9LS)
Pitching: LHP Gerald Johnson
Batting: RHB Pedro Guzmán 0-0: Intentional Walk
Pinch Hitting: RHB Chris Parker 0-0: Called Strike
0-1: Grounds into double play, 4-6-3 (Groundball, 4)
Bottom of the 9th over - 0 run(s), 1 hit(s), 0 error(s), 1 left on base; Jersey Shore 0 - Pocatello 0
TOP OF THE 10TH
Jersey Shore D-Bags batting - Pitching for Pocatello Boccabellas : RHP Adrián Martínez
Now at SS: Chris Parker
Batting: LHB Damon Mitchell 0-0: Ground out 1-3 (Groundball, 13)
Batting: LHB Pat Zimmerman 0-0: Ball
1-0: Fly out, F8 (Flyball, 8LD)
Batting: RHB Millard Boyd 0-0: Called Strike
0-1: Fly out, F9 (Flyball, 9M)
Top of the 10th over - 0 run(s), 0 hit(s), 0 error(s), 0 left on base; Jersey Shore 0 - Pocatello 0
BOTTOM OF THE 10TH
Pocatello Boccabellas batting - Pitching for Jersey Shore D-Bags : LHP Gerald Johnson
Batting: RHB José Delgado 0-0: Called Strike
0-1: Ground out 6-3 (Groundball, 6)
Batting: RHB Fabrice Brodeur 0-0: Called Strike
0-1: Ball
1-1: Ball
2-1: DOUBLE (Line Drive, 3D)
Batting: SHB Guillermo Ortíz 0-0: Foul Ball, location: 2F
0-1: Ball
1-1: Ball
2-1: Foul Ball, location: 2F
2-2: Foul Ball, location: 2F
2-2: Ball
3-2: Strikes out swinging
Batting: RHB José García 0-0: Called Strike
0-1: Swinging Strike
0-2: Foul Ball, location: 2F
0-2: Ball
1-2: Foul Ball, location: 2F
1-2: Foul Ball, location: 2F
1-2: Ground out 6-3 (Groundball, 6MS)
Bottom of the 10th over - 0 run(s), 1 hit(s), 0 error(s), 1 left on base; Jersey Shore 0 - Pocatello 0
TOP OF THE 11TH
Jersey Shore D-Bags batting - Pitching for Pocatello Boccabellas : RHP Adrián Martínez
Pitching: RHP Jesse Moser
Batting: LHB Dave Dodd 0-0: Ball
1-0: Swinging Strike
1-1: Called Strike
1-2: Fly out, F8 (Popup, 8RS)
Batting: RHB Matt Doyle 0-0: Ground out 5-3 (Groundball, 5S)
Batting: LHB Robert Phillips 0-0: SINGLE (Line Drive, 8RS)
Batting: RHB Miguel Serna 0-0: Fielders Choice at 2nd, 6-4 (Groundball, 6)
Top of the 11th over - 0 run(s), 1 hit(s), 0 error(s), 0 left on base; Jersey Shore 0 - Pocatello 0
BOTTOM OF THE 11TH
Pocatello Boccabellas batting - Pitching for Jersey Shore D-Bags : LHP Gerald Johnson
Batting: LHB Norberto Muńóz 0-0: Swinging Strike
0-1: Ball
1-1: Ball
2-1: Foul Ball, location: 2F
2-2: Foul Ball, location: 2F
2-2: Ball
3-2: Fly out, F5 (Popup, 5SF)
Pitching: LHP Hyo-chin Kim
Batting: RHB Marlon Phipps 0-0: Ball
1-0: Ground out 4-3 (Groundball, 4)
Batting: SHB Glenn Vadnais 0-0: Fly out, F7 (Flyball, 78S)
Bottom of the 11th over - 0 run(s), 0 hit(s), 0 error(s), 0 left on base; Jersey Shore 0 - Pocatello 0
TOP OF THE 12TH
Jersey Shore D-Bags batting - Pitching for Pocatello Boccabellas : RHP Jesse Moser
Batting: LHB Dave Watt 0-0: Ball
1-0: Ground out 4-3 (Groundball, 34)
Batting: RHB Owen Carter 0-0: Called Strike
0-1: Foul Ball, location: 2F
0-2: Ball
1-2: Foul Ball, location: 2F
1-2: Foul Ball, location: 2F
1-2: Foul Ball, location: 2F
1-2: Strikes out swinging
Batting: LHB Damon Mitchell 0-0: Fly out, F5 (Popup, 5F)
Top of the 12th over - 0 run(s), 0 hit(s), 0 error(s), 0 left on base; Jersey Shore 0 - Pocatello 0
BOTTOM OF THE 12TH
Pocatello Boccabellas batting - Pitching for Jersey Shore D-Bags : LHP Hyo-chin Kim
Batting: RHB Pedro Guzmán 0-0: Ground out 4-3 (Groundball, 4M)
Batting: RHB Chris Parker 0-0: Called Strike
0-1: Foul Ball, location: 2F
0-2: Foul Ball, location: 2F
0-2: Strikes out swinging
Batting: RHB José Delgado 0-0: Ball
1-0: Ball
2-0: Called Strike
2-1: Called Strike
2-2: Strikes out swinging
Bottom of the 12th over - 0 run(s), 0 hit(s), 0 error(s), 0 left on base; Jersey Shore 0 - Pocatello 0
TOP OF THE 13TH
Jersey Shore D-Bags batting - Pitching for Pocatello Boccabellas : RHP Jesse Moser
Batting: LHB Pat Zimmerman 0-0: Called Strike
0-1: Ball
1-1: Ball
2-1: SINGLE (Groundball, 56)
Batting: RHB Millard Boyd 0-0: Bunt missed!
0-1: Ball
Pat Zimmerman steals 2nd base
1-1: Bunted foul
1-2: Ground out 6-3 (Groundball, 56)
Batting: LHB Dave Dodd 0-0: Intentional Walk
Batting: RHB Matt Doyle 0-0: Called Strike
0-1: Ball
1-1: Foul Ball, location: 2F
1-2: Strikes out looking
Batting: LHB Robert Phillips 0-0: Ball
1-0: Fly out, F8 (Flyball, 8RM)
Top of the 13th over - 0 run(s), 1 hit(s), 0 error(s), 2 left on base; Jersey Shore 0 - Pocatello 0
BOTTOM OF THE 13TH
Pocatello Boccabellas batting - Pitching for Jersey Shore D-Bags : LHP Hyo-chin Kim
Batting: RHB Fabrice Brodeur 0-0: Ball
1-0: Called Strike
1-1: Called Strike
1-2: Foul Ball, location: 2F
1-2: Ground out 6-3 (Groundball, 6M)
Batting: SHB Guillermo Ortíz 0-0: Ball
1-0: Foul Ball, location: 2F
1-1: Ball
2-1: Ground out 1-3 (Groundball, 13S)
Batting: RHB José García 0-0: Swinging Strike
0-1: Ball
1-1: Ground out 5-3 (Groundball, 56)
Bottom of the 13th over - 0 run(s), 0 hit(s), 0 error(s), 0 left on base; Jersey Shore 0 - Pocatello 0
TOP OF THE 14TH
Jersey Shore D-Bags batting - Pitching for Pocatello Boccabellas : RHP Jesse Moser
Batting: RHB Miguel Serna 0-0: Ball
1-0: Ball
2-0: Ball
3-0: Hit by Pitch
Batting: LHB Dave Watt 0-0: Sac Bunt - play at first, batter OUT! 1-4
Miguel Serna to second
Batting: RHB Owen Carter 0-0: Swinging Strike
0-1: Reached on error, E5 (Groundball, 5)
Miguel Serna to third
Batting: LHB Damon Mitchell 0-0: Called Strike
0-1: Called Strike
0-2: Ball
1-2: Foul Ball, location: 2F
1-2: Fly out, F7 (Flyball, 7S)
Batting: LHB Pat Zimmerman 0-0: Called Strike
0-1: Foul Ball, location: 2F
0-2: Ball
1-2: Fly out, F8 (Flyball, 8LXD)
Top of the 14th over - 0 run(s), 0 hit(s), 1 error(s), 2 left on base; Jersey Shore 0 - Pocatello 0
BOTTOM OF THE 14TH
Pocatello Boccabellas batting - Pitching for Jersey Shore D-Bags : LHP Hyo-chin Kim
Batting: LHB Norberto Muńóz 0-0: Ball
1-0: DOUBLE (Flyball, 78XD)
Batting: RHB Marlon Phipps 0-0: Intentional Walk
Batting: SHB Glenn Vadnais 0-0: Swinging Strike
0-1: Foul Ball, location: 2F
0-2: Ball
1-2: Foul Ball, location: 2F
1-2: Fly out, F6 (Popup, 6M)
Batting: RHB Pedro Guzmán 0-0: Called Strike
0-1: Ball
1-1: SINGLE (Line Drive, 89S)
Norberto Muńóz to third
Marlon Phipps to second
Runner from 3rd tries for Home, SAFE, throw made home
Monday, December 5th, 2016 - OOTP Baseball 17.12 Build 75